 Seeded DCSS version 0.29.1-12-g30fa7ad0bf (webtiles) character file.

Game seed: 6447096713874630857 (custom seed)

27566 kingsuperguy the Marksminotaur (level 13, 0/117 HPs)
             Began as a Minotaur Hunter on Dec 14, 2022.
             Was the Champion of Fedhas.
             Slain by Rupert
             ... wielding a +0 great mace of venom
              (36 damage)
             ... on level 4 of the Lair of Beasts.
             The game lasted 00:17:47 (15257 turns).

kingsuperguy the Marksminotaur (Minotaur Hunter)   Turns: 15257, Time: 00:17:47

Health: 0/117      AC: 18    Str: 18    XL:     13   Next: 5%
Magic:  24/24      EV: 13    Int:  6    God:    Fedhas [******]
Gold:   897        SH:  5    Dex: 17    Spells: 12/12 levels left

rFire   . . .      SeeInvis .   p - +7 triple crossbow (flame)
rCold   . . .      Faith    .   (shield currently unavailable)
rNeg    + . .      Spirit   .   t - +0 pearl dragon scales
rPois   .          Reflect  +   (helmet restricted)
rElec   .          Harm     .   n - +0 cloak
rCorr   .          Rampage  .   e - +2 pair of gloves {infuse}
Will    +....                   (no boots)
Stlth   +.........              v - amulet of reflection
HPRegen 0.29/turn               z - +4 ring of slaying
MPRegen 0.19/turn               F - ring of magical power

@: lethally poisoned (0 -> -47), unable to read
A: horns 2, retaliatory headbutt, strong-willed 1, inability to read after
injury 1
a: Renounce Religion, Wall of Briars, Grow Ballistomycete, Overgrow, Grow Oklob


You were on level 4 of the Lair of Beasts.
You worshipped Fedhas.
Fedhas was exalted by your worship.
You visited 2 branches of the dungeon, and saw 15 of its levels.
You also visited: Bailey.

You collected 897 gold pieces.

Inventory:

Hand Weapons
 a - a +0 shortbow
 k - a +0 arbalest
 p - a +7 triple crossbow of flaming (weapon)
Missiles
 Y - a throwing net
Armour
 e - a +2 pair of gloves of infusion (worn)
 n - a +0 cloak (worn)
 t - +0 pearl dragon scales (worn)
 G - a scarf of resistance
 L - the +0 ring mail of Okawaru's Supremacy {Rampage rC+ rN+}
   (You found it on level 10 of the Dungeon)

   rC:        It protects you from cold.
   rN:        It protects you from negative energy.
   Rampage:   It bestows one free step when moving towards enemies.
Jewellery
 m - a ring of wizardry
 r - an amulet of the acrobat
 v - an amulet of reflection (around neck)
 x - an amulet of regeneration
 z - a +4 ring of slaying (left hand)
 F - a ring of magical power (right hand)
 I - a ring of resist corrosion
 J - a ring of ice
 N - a ring of positive energy
 U - a ring of protection from fire
Wands
 f - a wand of mindburst (36)
 q - a wand of flame (28)
 A - a wand of roots (11)
 M - a wand of light (13)
 P - a wand of polymorph (2)
 V - a wand of digging (7)
Scrolls
 d - 9 scrolls of teleportation
 h - 2 scrolls of amnesia
 j - 3 scrolls of torment
 l - 3 scrolls of vulnerability
 o - 2 scrolls of magic mapping
 u - 6 scrolls of fear
 w - 3 scrolls of identify
 y - a scroll of enchant weapon
 D - a scroll of enchant armour
 K - a scroll of butterflies
 S - a scroll of brand weapon {unknown}
 T - a scroll of acquirement
 X - a scroll of silence {unknown}
 Z - a scroll of blinking
Potions
 g - 2 potions of ambrosia
 i - 3 potions of might
 s - 3 potions of curing
 B - 2 potions of magic
 C - 3 potions of heal wounds
 E - 2 potions of mutation
 H - 3 potions of haste
 Q - a potion of invisibility {unknown}
 R - a potion of berserk rage {unknown}
 W - a potion of resistance {unknown}
Miscellaneous
 O - a tin of tremorstones (2/2)


   Skills:
 + Level 11.7 Fighting
 + Level 16.9 Ranged Weapons
 + Level 9.0 Armour
 + Level 7.5 Dodging
 + Level 3.3 Stealth
 + Level 7.8 Shields
 * Level 5.0 Invocations


You had 12 spell levels left.
You didn't know any spells.
Your spell library contained the following spells:

 Spells                   Type           Power      Damage    Failure   Level
 Poisonous Vapours        Pois/Air       0%         N/A       94%         2
 Conjure Flame            Conj/Fire      0%         6-21      99%         3
 Gell's Gravitas          Tloc           0%         N/A       99%         3
 Ignite Poison            Fire/Tmut/Pois 0%         N/A       99%         3
 Lesser Beckoning         Tloc           0%         N/A       99%         3
 Teleport Other           Tloc           0%         N/A       99%         3
 Corpse Rot               Necr/Pois/Air  0%         N/A       100%        4
 Sticky Flame             Conj/Fire      0%         2d3       100%        4
 Blade Hands              Tmut           0%         N/A       100%        5
 Irradiate                Conj/Tmut      0%         3d11      100%        5
 Dragon Form              Tmut           0%         N/A       100%        7


Dungeon Overview and Level Annotations

Branches:
Dungeon (11/15)            Temple (0/1) D:7            Lair (4/5) D:8
 Shoals (0/4) Lair:3        Snake (0/4) Lair:2          Orc (0/2) D:11
 Bailey (visited)
  Slime: Lair:4-5

Altars:
Cheibriados
Fedhas
Gozag
Hepliaklqana
Kikubaaqudgha
Makhleb
Nemelex Xobeh
Ru
Trog
Vehumet
Yredelemnul

Shops:
D:3 [   D:5 :   D:6 **(

Annotations:
D:10 3 runed translucent doors, 0gre's ghost, journeyman GnIE
D:11 4 transporters
Lair:2 3 runed translucent doors, moxian's ghost, journeyman MfIE
Lair:4 Rupert; Snorg


Innate Abilities, Weirdness & Mutations

You have a pair of horns on your head.
You reflexively headbutt those who attack you in melee.
You are strong-willed. (Will+)
You occasionally lose the ability to read scrolls when taking damage.


Message History

You kill the water moccasin!
Fedhas appreciates your contribution to the ecosystem.
No target in view!
No target in view!
No target in view!
C - 3 potions of heal wounds (gained 1) Rupert the Wild comes into view.
He is wielding a +0 great mace of venom.
You shoot a bolt. The bolt hits Rupert!
The bolt burns Rupert.
Rupert is lightly wounded.
You hear a shout!
Rupert is nearby!
You shoot a bolt. The bolt hits Rupert.
The bolt burns Rupert.
Rupert is lightly wounded.
Rupert screams, "Die, monster!"
Snorg the Insatiable comes into view.
There are monsters nearby!
You shoot a bolt.
Snorg shouts!
The bolt hits Rupert!!
The bolt burns Rupert.
Rupert is moderately wounded.
You hear a bellow!
Rupert roars madly and goes into a rage!
Rupert goes berserk!
There are monsters nearby!
You shoot a bolt. The bolt hits Rupert!!!
The bolt burns Rupert!
Rupert is severely wounded.
You hear a bellow! x2
Rupert hits you with a +0 great mace of venom!!
You are poisoned.
You shoot a bolt. The bolt hits Rupert.
The bolt burns Rupert.
Rupert is severely wounded.
You feel extremely sick.
Rupert hits you with a +0 great mace of venom!!
You feel threatened and lose the ability to read scrolls!
You are more poisoned.
Snorg draws her long claws delicately across her gut.
Snorg goes berserk!
Rupert hits you with a +0 great mace of venom!!!
You die...
Fedhas appreciates your contribution to the ecosystem.

#### ######..# .......##
# .......######## ##.#
.........##P#P# #.. #..
..............###T#.....
................@@..#
...............###..#
..............## ....
..........#.### .#..
.......###### ...
........# .. ........# .
.......## ......##


You could see Rupert (berserk) and Snorg (berserk).

Vanquished Creatures
  Josephine (D:11)
  A hydra (D:11)
  The ghost of sigtrap the Fighter, a novice MiBe of Trog (D:7)
  Amaemon (D:8)
  An orc knight (Bailey)
  Pikel (D:4)
  A cyclops (D:11)
  A manticore (D:11)
  4 black mambas
  An orange demon (D:8)
  Maggie (D:10)
  6 cane toads
  A rime drake (Lair:3)
  2 komodo dragons (Lair:3)
  A troll (D:10)
  15 blink frogs
  Grinder (D:5)
  3 wyverns
  5 wraiths (D:11)
  30 yaks
  2 steam dragons
  Edmund (D:5)
  4 nagas (Lair:2)
  2 wargs (D:11)
  An acid dragon (D:9)
  9 water moccasins
  A sky beast (D:7)
  5 ice beasts
  14 orc warriors
  2 black bears
  3 wolves (Lair:1)
  6 centaurs
  A phantom (D:6)
  A kobold brigand (D:9)
  A gnoll sergeant (D:8)
  4 bullfrogs
  2 scorpions
  12 wights
  6 killer bees (D:9)
  4 howler monkeys
  4 hounds
  3 orc priests
  3 iguanas
  6 orc wizards
  13 gnolls
  6 adders
  3 worms
  3 dart slugs
  49 orcs
  5 ball pythons
  7 bats
  6 endoplasms
  3 giant cockroaches
  8 goblins
  5 hobgoblins
  A jackal (D:5)
  3 quokkas
  2 frilled lizards
  15 kobolds
  4 rats
308 creatures vanquished.

Vanquished Creatures (others)
  12 fungi
  11 plants
23 creatures vanquished.

Grand Total: 331 creatures vanquished

Notes
Turn   | Place    | Note
-------+----------+-------------------------------------------
     0 | D:1      | kingsuperguy the Minotaur Hunter began the quest for the
                  | Orb.
     0 | D:1      | Reached XP level 1. HP: 18/18 MP: 0/0
    80 | D:1      | Found a faded altar of an unknown god.
   239 | D:1      | Reached XP level 2. HP: 25/25 MP: 1/1
   287 | D:1      | Reached skill level 5 in Ranged Weapons
   906 | D:1      | Prayed at the altar of an unknown god.
   906 | D:1      | Became a worshipper of Fedhas Madash
   906 | D:1      | Reached * piety under Fedhas
  1252 | D:2      | Reached XP level 3. HP: 30/30 MP: 2/2
  1834 | D:3      | Reached ** piety under Fedhas
  2007 | D:3      | Found Maydox's Armour Shop.
  2170 | D:4      | Reached skill level 1 in Stealth
  2192 | D:4      | Reached XP level 4. HP: 37/37 MP: 3/3
  2194 | D:4      | Reached skill level 6 in Ranged Weapons
  2212 | D:4      | Reached skill level 1 in Armour
  2254 | D:4      | Noticed a black bear
  2263 | D:4      | Killed a black bear
  2264 | D:4      | Reached XP level 5. HP: 35/45 MP: 4/4
  2372 | D:4      | Reached *** piety under Fedhas
  2519 | D:4      | Gained mutation: You occasionally lose the ability to read
                  | scrolls when taking damage. [potion of mutation]
  2519 | D:4      | Gained mutation: You are strong-willed. (Will+) [potion of
                  | mutation]
  2521 | D:4      | Identified a scroll of acquirement
  2521 | D:4      | Acquired a +2 pair of gloves of infusion
  2562 | D:4      | Reached XP level 6. HP: 39/52 MP: 5/5
  2683 | D:4      | Noticed Pikel
  2689 | D:4      | Killed Pikel
  2690 | D:4      | Reached skill level 8 in Ranged Weapons
  2690 | D:4      | Reached skill level 1 in Shields
  2690 | D:4      | Reached XP level 7. HP: 7/60 MP: 6/6
  3376 | D:5      | Entered Level 5 of the Dungeon
  3511 | D:5      | Found Fapniju's Self-Improvement Boutique.
  3978 | D:5      | Reached skill level 5 in Fighting
  3978 | D:5      | Reached skill level 9 in Ranged Weapons
  3978 | D:5      | Reached XP level 8. HP: 68/68 MP: 7/7
  4098 | D:5      | Noticed Edmund
  4123 | D:5      | Killed Edmund
  4436 | D:5      | Found a sacrificial altar of Ru.
  4476 | D:5      | Noticed Grinder
  4491 | D:5      | Killed Grinder
  4592 | D:5      | Found a bloodstained altar of Trog.
  4601 | D:5      | Found a snail-covered altar of Cheibriados.
  4773 | D:6      | Reached **** piety under Fedhas
  4814 | D:6      | Found Bega's Assorted Antiques.
  4862 | D:6      | Reached skill level 10 in Ranged Weapons
  4944 | D:6      | Found Hakh's Assorted Antiques.
  5242 | D:6      | Found Zuymahy's Antique Weapon Shoppe.
  5698 | D:6      | Reached XP level 9. HP: 75/75 MP: 8/8
  5729 | D:6      | Reached skill level 11 in Ranged Weapons
  6415 | D:7      | Found a flagged portal.
  6423 | Bailey   | Entered a bailey
  6839 | Bailey   | Reached skill level 5 in Armour
  7609 | Bailey   | Noticed an orc knight
  7612 | Bailey   | Killed an orc knight
  7613 | Bailey   | Reached skill level 12 in Ranged Weapons
  8008 | Bailey   | Reached skill level 13 in Ranged Weapons
  8008 | Bailey   | Reached XP level 10. HP: 91/91 MP: 9/9
  8404 | D:8      | Found an opulent altar of Gozag.
  8553 | D:8      | Noticed an orange demon
  8554 | D:8      | Noticed Amaemon
  8557 | D:8      | Killed an orange demon
  8557 | D:8      | Reached ***** piety under Fedhas
  8558 | D:8      | Reached XP level 11. HP: 92/95 MP: 10/10
  8559 | D:8      | Killed Amaemon
  8708 | D:8      | Found a staircase to the Lair.
  8775 | D:8      | Found a burning altar of Makhleb.
  9013 | D:7      | Found a staircase to the Ecumenical Temple.
  9158 | D:7      | Reached skill level 14 in Ranged Weapons
  9189 | D:7      | Found a runed translucent door.
  9193 | D:7      | Noticed sigtrap's ghost (novice MiBe)
  9209 | D:7      | Killed sigtrap's ghost
  9741 | D:9      | Found a radiant altar of Vehumet.
  9874 | D:9      | Reached skill level 1 in Invocations
  9935 | D:9      | Found a basalt altar of Yredelemnul.
  9984 | D:9      | Reached skill level 10 in Fighting
 10214 | D:9      | Found an ancient bone altar of Kikubaaqudgha.
 10719 | D:10     | Entered Level 10 of the Dungeon
 10761 | D:10     | Reached skill level 15 in Ranged Weapons
 10835 | D:10     | Found a hazy altar of Hepliaklqana.
 10897 | D:10     | Noticed Maggie
 10902 | D:10     | Killed Maggie
 10994 | D:10     | Found a sparkling altar of Nemelex Xobeh.
 11025 | D:10     | Identified the +0 ring mail of Okawaru's Supremacy {Rampage
                  | rC+ rN+}
 11145 | D:10     | Found a runed translucent gate.
 11146 | D:10     | Noticed 0gre's ghost (journeyman GnIE)
 11146 | D:10     | Found a runed translucent gate.
 11151 | D:10     | Found a runed translucent gate.
 11279 | D:10     | Identified the +1 scale mail "Urralyor" {+Blink rPois
                  | Slay+3 Stlth+}
 11387 | D:11     | Noticed Josephine
 11393 | D:11     | Killed Josephine
 11404 | D:11     | Reached XP level 12. HP: 15/108 MP: 12/12
 11767 | D:11     | Found a transporter.
 11780 | D:11     | Found a transporter.
 11797 | D:11     | Found a transporter.
 11816 | D:11     | Noticed an eight-headed hydra
 11819 | D:11     | Killed an eight-headed hydra
 12047 | D:11     | Found a staircase to the Orcish Mines.
 12290 | D:11     | Found a transporter.
 12507 | Lair:1   | Entered Level 1 of the Lair of Beasts
 12956 | Lair:1   | Reached ****** piety under Fedhas
 12964 | Lair:1   | Reached skill level 16 in Ranged Weapons
 14240 | Lair:2   | Found a staircase to the Snake Pit.
 14302 | Lair:2   | Found a runed translucent gate.
 14302 | Lair:2   | Found a runed translucent gate.
 14302 | Lair:2   | Found a runed translucent gate.
 14303 | Lair:2   | Noticed moxian's ghost (journeyman MfIE)
 14303 | Lair:2   | Noticed an 11-headed hydra
 14304 | Lair:2   | Noticed a nine-headed hydra
 14643 | Lair:3   | Found a staircase to the Shoals.
 14659 | Lair:3   | Reached skill level 5 in Invocations
 14671 | Lair:3   | Reached XP level 13. HP: 116/116 MP: 15/15
 15055 | Lair:3   | Identified the +5 morningstar of Wos Soo {antimagic, rElec
                  | rCorr Dex+4}
 15252 | Lair:4   | Noticed Rupert
 15254 | Lair:4   | Noticed Snorg
 15257 | Lair:4   | Slain by Rupert

Illustrated notes

Levels and vault maps discovered:
D:1:      dpeg_arrival_windows_large_door, layout_basic,
          shapermc_ecumenical_altar_venn, minmay_vboxes
D:2:      layout_basic
D:3:      layout_rooms, serial_shops, nicolae_shop_stone
D:4:      layout_loops_ring, uniq_pikel
D:5:      layout_basic, kennysheep_mini, mainiacjoe_overflow_tiny_flanked,
          nicolae_ru_great_annihilating_truth, nicolae_shop_self_help,
          uniq_grinder, uniq_edmund
D:6:      layout_basic, serial_shops, nicolae_shop_crystal, shop, shop_coins
D:7:      layout_cave_pools, minmay_temple_entry_poolview, enter_bailey_5,
          ebering_ghost_reflecting_pool
D:8:      layout_rooms, bloody_makhleb, grunt_gozag_breadcrumbs,
          lair_entry_dummy, uniq_amaemon
D:9:      layout_irregular_city, mainiacjoe_overflow_cross_hatched,
          mainiacjoe_overflow_brackets, general_overflow_altar
D:10:     layout_roguey, nemelex_spade_bored_becter, lemuel_doored_altar,
          biasface_ghost_orc_armoury, uniq_maggie
D:11:     layout_cave_pools, david_orc_3, nicolae_transporter_intersection,
          uniq_josephine
Lair:1:   layout_loops_ring, gauntlet_entry_generic, serial_bayou_shore_b
Lair:2:   layout_regular_city, guppyfry_snake_entry_garden,
          gammafunk_ghost_hydra_chop, minivault_23, grunt_megastairs_5
Lair:3:   layout_roguey, shoals_dummy_entry
Lair:4:   layout_gridlike, uniq_snorg, uniq_rupert

Skill      XL: |  1  2  3  4  5  6  7  8  9 10 11 12 13 |
---------------+----------------------------------------+-----
Ranged Weapons | 5 6 8 9 10 13 15 16 | 16.9
Stealth        | 1 2 3 |  3.3
Armour         | 1 2 3 4 5 6 7 8 9 |  9.0
Fighting       | 3 4 5 6 9 10 11 | 11.7
Shields        | 1 2 7 |  7.8
Dodging        | 3 6 7 |  7.5
Invocations    | 2 5 |  5.0

Action                   |  1- 3 |  4- 6 |  7- 9 | 10-12 | 13-15 || total
-------------------------+-------+-------+-------+-------+-------++-------
Melee: Shortbow          |       |     4 |       |       |       ||     4
       Headbutt          |       |     1 |       |       |       ||     1
       Triple crossbow   |       |       |       |     2 |       ||     2
 Fire: Shortbow          |   106 |    74 |   272 |       |       ||   452
       Arbalest          |       |       |    34 |       |       ||    34
       Triple crossbow   |       |       |    15 |   338 |    20 ||   373
  Use: Scroll            |       |     3 |    15 |    10 |       ||    28
       Potion            |       |     1 |     3 |     2 |       ||     6
Armor: Leather armour    |     5 |       |       |       |       ||     5
       Pearl dragon scal |     4 |    18 |    99 |   132 |     1 ||   254
Dodge: Dodged            |    18 |    20 |   121 |   153 |     4 ||   316
Block: Other             |       |    12 |    51 |    52 |     1 ||   116
       Reflection        |       |       |     8 |     7 |       ||    15
